Map: 뉴 리퍼그넌시 - 래더

Players

gumiho - Winner!

  • Race: Terran Terran
  • Spawn Location: 1:00

Kelazhur

  • Race: Terran Terran
  • Spawn Location: 7:00

Event: IEM Season 13: Katowice (2019)

VOD

Have the link to the VOD?

Description

Time

  • Played on: Feb. 26, 2019, 7 a.m.
  • Length: 5:34

All games in this series

Show
View Real Time Build Order
Export as new Build Order

gumiho Terran - Winner!

Build Orders:  

Get SALT Encoding   

  12  0:00  SCV  
  13  0:12  SCV  
  14  0:17  Supply Depot  
  14  0:24  SCV  
  14  0:27  Refinery  
  15  0:39  SCV  
  16  0:44  Barracks  
  16  0:51  SCV  
  16  0:56  Refinery  
  17  1:03  SCV  
  18  1:15  SCV  
  19  1:30  Orbital Command  
  19  1:31  Factory  
  19  1:34  Reaper  
  20  1:43  Supply Depot  
  20  1:56  SCV  
  21  2:06  Reaper  
  21  2:08  SCV  
  23  2:16  Hellion  
  23  2:22  Command Center  
  25  2:25  SCV  
  26  2:30  Supply Depot  
  26  2:37  SCV  
  27  2:39  Hellion  
  27  2:41  Reaper  
  30  2:49  SCV  
  31  2:52  Starport  
  31  3:01  SCV  
  31  3:02  Hellion  
  34  3:13  SCV  
  34  3:14  Barracks Tech Lab  
  35  3:20  Refinery  
  35  3:25  SCV  
  38  3:29  Starport Tech Lab  
  36  3:36  Orbital Command  
  36  3:37  Cyclone  
  36  3:40  Barracks Reactor  
  38  3:41  SCV  
  39  3:49  Banshee  
  39  3:53  SCV  
  43  4:01  SCV  
  42  4:09  Cyclone  
  19  4:17  SCV x2  
  19  4:29  SCV  
  20  4:32  SCV  
  21  4:41  Banshee  
  24  4:46  SCV  
  24  4:47  SCV  
  26  4:55  Hellion  
  28  5:00  Hellion  
  28  5:03  SCV  
  28  5:04  SCV  
  32  5:15  SCV  
  32  5:16  SCV  
Show
View Real Time Build Order
Export as new Build Order

Kelazhur Terran 

Build Orders:  

Get SALT Encoding   

  12  0:00  SCV  
  13  0:12  SCV  
  14  0:17  Supply Depot  
  14  0:25  SCV  
  14  0:27  Refinery  
  15  0:38  SCV  
  16  0:44  Barracks  
  16  0:50  SCV  
  16  0:54  Refinery  
  17  1:02  SCV  
  18  1:15  SCV  
  19  1:30  Orbital Command  
  19  1:31  Factory  
  19  1:35  Reaper  
  20  1:43  Supply Depot  
  20  1:56  SCV  
  21  2:07  Reaper  
  21  2:08  SCV  
  23  2:17  Hellion  
  23  2:20  SCV  
  26  2:26  Command Center  
  26  2:37  SCV  
  27  2:41  Reaper, Hellion  
  29  2:47  Supply Depot  
  29  2:49  SCV  
  30  2:54  Starport  
  30  3:02  SCV  
  31  3:06  Factory Tech Lab  
  31  3:13  Barracks Reactor  
  31  3:14  SCV  
  32  3:26  SCV  
  33  3:29  Cyclone  
  33  3:33  Refinery  
  36  3:38  SCV  
  37  3:47  Viking  
  37  3:50  SCV, Marine  
  37  3:51  Marine  
  37  4:02  SCV  
  29  4:08  Marine  
  23  4:14  SCV  
  17  4:33  Orbital Command  
  17  4:38  SCV  
  18  4:50  SCV  
  19  4:58  SCV  
  20  5:02  SCV  
  23  5:10  SCV  
  23  5:13  Marine x2  
  26  5:14  SCV  

Tags
 
Add a new tag
Caveats
  • Supply blocks, unpowered buildings, or Contaminate may cause inaccurate times.
  • Supply counts are checked every 10 seconds.